 Dungeon Crawl Stone Soup version 0.24.0-125-gc4c63601f3 (webtiles) character file.

Game seed: 8663730785461619164, levelgen mode: deterministic

22380 Curus the Grappler (level 12, -3/122 HPs)
             Began as a Troll Monk on Mar 3, 2020.
             Was an Elder of Lugonu.
             Slain by a komodo dragon (26 damage)
             ... on level 6 of the Lair of Beasts.
             The game lasted 00:45:19 (10253 turns).

Curus the Grappler (Troll Monk)                    Turns: 10253, Time: 00:45:19

Health: -3/122     AC:  8    Str: 21 (22) XL:     12   Next: 62%
Magic:  17/17      EV: 15    Int:  6 (7)  God:    Lugonu [****..]
Gold:   689        SH:  9    Dex: 15      Spells: 11/11 levels left

rFire    + . .     SeeInvis .     - Unarmed
rCold    + . .     Gourm    +   O - +1 shield
rNeg     . . .     Faith    .   t - +2 robe {MR+}
rPois    +         Spirit   .   (helmet restricted)
rElec    .         Reflect  .   i - scarf {cloud immunity}
rCorr    .         Harm     .   (gloves unavailable)
MR       +....     Rnd*Rage +   (boots unavailable)
Stlth    ++++......             w - amulet "Amebliog" {Acrobat rF+ rC+ Stlth+}
HPRegen  0.70/turn              y - ring of poison resistance
MPRegen  0.15/turn              Q - ring of stealth

@: no status effects
A: large, unfitting armour, claws 3, talons 1, repulsion field 1, berserk 1,
deterioration 1, fast metabolism 3, gourmand, regeneration 1, shaggy fur 1,
tough skin 3
a: Depart the Abyss, Bend Space, Banish, Corrupt, Renounce Religion


You were on level 6 of the Lair of Beasts.
You worshipped Lugonu.
Lugonu was greatly pleased with you.
You were completely stuffed.

You visited 3 branches of the dungeon, and saw 15 of its levels.
You visited the Abyss 1 time.

You collected 975 gold pieces.
You spent 286 gold pieces at shops.

Inventory:

Armour
 a - a +2 robe
 i - a scarf of cloud immunity (worn)
 t - a +2 robe of magic resistance (worn)
 O - a +1 shield (worn)
Jewellery
 l - an uncursed ring of protection from fire
 m - an uncursed ring of positive energy
 n - an uncursed amulet of rage
 o - a +2 ring of dexterity
 w - the amulet "Amebliog" (around neck) {Acrobat rF+ rC+ Stlth+}
   (You took it off an orc on level 7 of the Dungeon)

   [amulet of the acrobat]

   It helps you evade while moving and waiting.
   It protects you from fire.
   It protects you from cold.
   It makes you more stealthy.
 y - a ring of poison resistance (left claw)
 z - a +4 ring of evasion
 L - an uncursed ring of wizardry
 M - an uncursed ring of wizardry
 N - an uncursed ring of positive energy
 Q - a ring of stealth (right claw)
Wands
 j - a wand of paralysis (10)
 q - a wand of iceblast (15)
 u - a wand of digging (9)
 E - a wand of scattershot (5)
 F - a wand of disintegration (8)
 J - a wand of random effects (40)
Scrolls
 c - 5 scrolls of amnesia
 d - 3 scrolls of fear
 e - 13 scrolls of identify
 g - a scroll of fog
 h - 4 scrolls of teleportation
 p - 2 scrolls of blinking
 r - 7 scrolls of remove curse
 A - a scroll of enchant weapon
Potions
 f - 4 potions of curing
 k - 3 potions of flight
 s - 2 potions of agility
 v - a potion of ambrosia
 B - 2 potions of brilliance
 C - a potion of heal wounds
 D - a potion of magic
 I - a potion of haste
 K - a potion of mutation
Miscellaneous
 G - a phial of floods
 H - a phial of floods
 P - a box of beasts
Comestibles
 b - 32 rations
 x - 2 chunks of flesh


   Skills:
 - Level 8.8 Fighting
 - Level 8.8 Dodging
 - Level 1.0 Stealth
 + Level 2.0 Shields
 - Level 12.9 Unarmed Combat
 + Level 8.5 Invocations


You had 11 spell levels left.
You didn't know any spells.
Your spell library contained the following spells:

 Spells                   Type           Power        Failure   Level  Hunger
 Freeze                   Ice            #...         92%         1    ##.....
 Sandblast                Erth           #.....       92%         1    ##.....
 Shock                    Conj/Air       #...         92%         1    ##.....
 Blink                    Tloc           N/A          98%         2    ###....
 Passwall                 Tmut/Erth      #.......     98%         2    ###....
 Shroud of Golubria       Chrm/Tloc      #.....       98%         2    ###....
 Swiftness                Chrm/Air       #.......     98%         2    ###....
 Throw Frost              Conj/Ice       #.....       98%         2    ###....
 Gell's Gravitas          Tloc           #.........   100%        3    ####...
 Lesser Beckoning         Tloc           #.........   100%        3    ####...
 Ozocubu's Armour         Chrm/Ice       #.......     100%        3    ####...
 Static Discharge         Conj/Air       #.......     100%        3    ####...
 Stone Arrow              Conj/Erth      #.....       100%        3    ####...
 Teleport Other           Tloc           #.......     100%        3    ####...
 Vampiric Draining        Necr           #.........   100%        3    ####...
 Airstrike                Air            #.........   100%        4    #####..
 Animate Dead             Necr           N/A          100%        4    #####..
 Cause Fear               Hex            #.........   100%        4    #####..
 Ice Form                 Ice/Tmut       #.......     100%        4    #####..
 Passage of Golubria      Tloc           N/A          100%        4    #####..
 Petrify                  Tmut/Erth      #.......     100%        4    #####..
 Summon Ice Beast         Ice/Summ       #.......     100%        4    #####..
 Throw Icicle             Conj/Ice       #.......     100%        4    #####..
 Dispel Undead            Necr           #.......     100%        5    ######.
 Lee's Rapid Deconstruct  Erth           #.........   100%        5    ######.
 Lightning Bolt           Conj/Air       #.........   100%        5    ######.
 Metabolic Englaciation   Hex/Ice        #.........   100%        5    ######.
 Silence                  Hex/Air        #.........   100%        5    ######.
 Yara's Violent Unravell  Hex/Tmut       #.........   100%        5    ######.
 Bolt of Cold             Conj/Ice       #.........   100%        6    #######
 Deflect Missiles         Chrm/Air       #.........   100%        6    #######
 Freezing Cloud           Conj/Ice/Air   #.........   100%        6    #######
 Ozocubu's Refrigeration  Ice            #.........   100%        6    #######
 Simulacrum               Ice/Necr       #.........   100%        6    #######
 Discord                  Hex            #.........   100%        8    #######


Dungeon Overview and Level Annotations

Branches:
Dungeon (9/15)             Temple (1/1) D:6            Lair (4/6) D:9
 Shoals (0/4) Lair:3
  Snake: Lair:2-4    Spider: Lair:2-4       Orc: D:9-12

Altars:
Ashenzari
Cheibriados
Elyvilon
Fedhas
Gozag
Hepliaklqana
Kikubaaqudgha
Makhleb
Nemelex Xobeh
Okawaru
Qazlal
Ru
Sif Muna
Trog
Uskayaw
Vehumet
Wu Jian
Xom
Yredelemnul
Zin
The Shining One

Shops:
D:4 *   D:5 *


Innate Abilities, Weirdness & Mutations

You are too large for most types of armour.
You have claws for hands.
Your metabolism is lightning-fast.
You like to eat raw meat.
Your natural rate of healing is unusually fast.
You are covered in fur. (AC +1)
You have extremely tough skin. (AC +3)
You have sharp toenails.
You are surrounded by a mild repulsion field. (EV +2)
You tend to lose your temper in combat.
Your body sometimes deteriorates upon taking damage.


Message History

Found three stone staircases leading up.
A water moccasin comes into view.
The water moccasin moves out of view.
Found 26 gold pieces.
Your attacks no longer feel as feeble.
Found a leather armour.
You scratch the komodo dragon. Your kick misses the komodo dragon.
The komodo dragon is lightly wounded.
The komodo dragon closely misses you.
You scratch the komodo dragon but do no damage.
You claw the komodo dragon.
The komodo dragon is lightly wounded.
The komodo dragon bites you!
* * * LOW HITPOINT WARNING * * *
Your body deteriorates!
You feel dopey.
You scratch the komodo dragon but do no damage.
Your kick misses the komodo dragon.
The komodo dragon is lightly wounded.
The komodo dragon bites you!!
You die...

S.. .....#. ....
..).....# .....
##....:...##
.....# .#........#
......##........$.
$.................
..................
...<..............
..........@......[
[.........l.......
..........P.......
...#.#.##...<....#
.)..##. .......#.#
.... .........## #
.. .........## ..
.......#


You could see a komodo dragon.

Vanquished Creatures
  An ice dragon (Lair:3)
  A two-headed ogre (D:8)
  3 death yaks (Lair:3)
  A sixfirhy (Abyss:2)
  A wizard (Lair:6)
  2 starcursed masses (Abyss:1)
  5 elephants (Lair:4)
  An eye of devastation (Abyss:1)
  A black mamba (Lair:4)
  An ice statue (Lair:3)
  A gargoyle (D:7)
  An orange demon (Lair:6)
  4 spiny frogs
  Psyche (D:9)
  A rime drake (Lair:1)
  3 komodo dragons
  2 polar bears (Lair:3)
  11 blink frogs
  2 hippogriffs
  Sigmund (D:5)
  A shadow (D:7)
  A basilisk (Lair:2)
  A wyvern (Lair:2)
  4 yaks (D:9)
  A golden eye (Abyss:1)
  10 water moccasins
  An acid dragon (D:7)
  A sky beast (D:6)
  11 ice beasts
  4 porcupines
  2 orc warriors (D:9)
  A black bear (D:8)
  A phantom (D:8)
  3 ogres
  5 wolves
  4 centaurs
  8 crocodiles
  A big kobold (D:9)
  11 bullfrogs
  A water moccasin skeleton (D:7)
  3 scorpions
  6 killer bees (D:7)
  3 wights (D:9)
  An electric eel (Lair:3)
  2 howler monkeys
  4 crimson imps
  A centaur zombie (D:5)
  6 hounds
  5 orc priests
  3 orc wizards
  4 jellies
  A gnoll shaman (D:4)
  5 iguanas
  6 worker ants
  A killer bee zombie (D:7)
  A hound zombie (D:4)
  A hound skeleton (D:5)
  A howler monkey zombie (D:6)
  A worker ant zombie (D:8)
  14 adders
  3 gnolls (D:4)
  2 shadow imps
  A white imp (Lair:3)
  2 oozes
  An adder zombie (D:5)
  7 worms
  4 dart slugs
  8 leopard geckos
  15 orcs
  8 giant cockroaches
  7 goblins
  8 hobgoblins
  12 jackals
  11 kobolds
  5 quokkas
  6 bats
  A frilled lizard (D:1)
  A leopard gecko zombie (D:8)
  9 rats
296 creatures vanquished.

Vanquished Creatures (others)
  A fungus (Lair:3)
1 creature vanquished.

Grand Total: 297 creatures vanquished

Notes
Turn   | Place    | Note
-------+----------+-------------------------------------------
     0 | D:1      | Curus the Troll Monk began the quest for the Orb.
     0 | D:1      | Reached XP level 1. HP: 22/22 MP: 0/0
   115 | D:1      | Reached XP level 2. HP: 28/29 MP: 1/1
   249 | D:1      | Reached skill level 4 in Unarmed Combat
   286 | D:1      | Reached XP level 3. HP: 36/36 MP: 2/2
   774 | D:2      | Reached skill level 5 in Unarmed Combat
   774 | D:2      | Reached XP level 4. HP: 44/44 MP: 3/3
  1092 | D:3      | Reached XP level 5. HP: 49/50 MP: 4/4
  1577 | D:4      | Reached skill level 6 in Unarmed Combat
  1729 | D:4      | Reached XP level 6. HP: 21/59 MP: 5/5
  1991 | D:4      | Reached skill level 7 in Unarmed Combat
  2036 | D:4      | Found Waolic's Assorted Antiques.
  2044 | D:4      | Bought a bone ring for 115 gold pieces
  2044 | D:4      | Bought a scratched ruby ring for 115 gold pieces
  2401 | D:5      | Entered Level 5 of the Dungeon
  2472 | D:5      | Noticed Sigmund
  2488 | D:5      | Killed Sigmund
  2488 | D:5      | Reached skill level 8 in Unarmed Combat
  2488 | D:5      | Reached XP level 7. HP: 64/66 MP: 6/6
  2578 | D:5      | Found Utsoly's General Store.
  2605 | D:5      | Bought a potion of agility for 56 gold pieces
  3112 | D:6      | Reached skill level 9 in Unarmed Combat
  3291 | D:6      | Found a staircase to the Ecumenical Temple.
  3308 | Temple   | Entered the Ecumenical Temple
  4061 | D:7      | Reached XP level 8. HP: 74/74 MP: 7/7
  4106 | D:7      | Reached skill level 10 in Unarmed Combat
  4179 | D:7      | Gained mutation: You are surrounded by a mild repulsion
                  | field. (EV +2) [potion of mutation]
  4179 | D:7      | Gained mutation: You tend to lose your temper in combat.
                  | [potion of mutation]
  4179 | D:7      | Gained mutation: Your body sometimes deteriorates upon
                  | taking damage. [potion of mutation]
  4179 | D:7      | Gained mutation: You have sharp toenails. [potion of
                  | mutation]
  4538 | D:7      | Identified the +3 hand axe of the Soothsayer {flame, Str-4
                  | Dex+3 SInv Stlth+}
  4538 | D:7      | Identified the amulet "Amebliog" {Acrobat rF+ rC+ Stlth+}
  4556 | D:7      | Identified Josm's Guide on Black Secrets
  4561 | D:7      | Noticed a gargoyle
  4568 | D:7      | Killed a gargoyle
  4568 | D:7      | Reached skill level 5 in Fighting
  4568 | D:7      | Reached skill level 5 in Dodging
  4568 | D:7      | Reached XP level 9. HP: 40/88 MP: 8/8
  5652 | D:8      | Noticed a two-headed ogre
  5659 | D:8      | Killed a two-headed ogre
  5659 | D:8      | Reached XP level 10. HP: 50/102 MP: 9/9
  6432 | D:9      | Noticed Psyche
  6437 | D:9      | Cast into level 1 of the Abyss (Psyche)
  6472 | Abyss:1  | Noticed an eye of devastation
  6481 | Abyss:1  | Killed an eye of devastation
  6489 | Abyss:1  | Noticed a starcursed mass
  6499 | Abyss:1  | Killed a starcursed mass
  6502 | Abyss:1  | Killed a starcursed mass
  6517 | Abyss:1  | Noticed a spatial maelstrom
  6533 | Abyss:2  | Found a corrupted altar of Lugonu.
  6556 | Abyss:2  | Noticed a sixfirhy
  6571 | Abyss:2  | Became a worshipper of Lugonu the Unformed
  6571 | Abyss:2  | Reached * piety under Lugonu
  6571 | Abyss:2  | Reached ** piety under Lugonu
  6591 | Abyss:2  | Killed a sixfirhy
  6624 | D:9      | Escaped the Abyss
  6634 | D:9      | Killed Psyche
  6694 | D:9      | Found a staircase to the Lair.
  6699 | D:9      | Reached XP level 11. HP: 113/113 MP: 10/10
  6707 | Lair:1   | Entered Level 1 of the Lair of Beasts
  6864 | Lair:1   | Reached skill level 1 in Invocations
  6928 | Lair:1   | Reached *** piety under Lugonu
  7713 | Lair:2   | Reached skill level 11 in Unarmed Combat
  8411 | Lair:3   | Noticed an ice dragon
  8487 | Lair:3   | Reached skill level 5 in Invocations
  8630 | Lair:3   | Reached **** piety under Lugonu
  8641 | Lair:3   | Killed an ice dragon
  8711 | Lair:3   | Found a staircase to the Shoals.
  8868 | Lair:3   | Reached skill level 12 in Unarmed Combat
  8883 | Lair:3   | Noticed a death yak
  8883 | Lair:3   | Noticed a death yak
  8884 | Lair:3   | Noticed a death yak
  8890 | Lair:3   | Killed a death yak
  8890 | Lair:3   | Reached XP level 12. HP: 101/122 MP: 15/15
  8898 | Lair:3   | Killed a death yak
  8914 | Lair:3   | Killed a death yak
 10140 | Lair:4   | Reached skill level 1 in Shields
 10210 | Lair:4   | You fall into a shaft and drop 2 floors!
 10210 | Lair:6   | Entered Level 6 of the Lair of Beasts
 10223 | Lair:6   | Found a burning altar of Makhleb.
 10229 | Lair:6   | Noticed a hell beast
 10253 | Lair:6   | Slain by a komodo dragon

Levels and vault maps discovered:
D:1:      psy_arrival_fountain, layout_rooms
D:2:      layout_rooms, first_ration
D:3:      layout_loops_cross
D:4:      layout_loops_ring, serial_shops, shop, gup_sewer_entry_spiral
D:5:      layout_basic, serial_shops, nicolae_shop_stone, hex_large,
          uniq_sigmund
D:6:      layout_loops_ring, minmay_temple_entry_butterflies
D:7:      minmay_the_grid_four_pointed_star
          [minmay_the_grid_triangle_9x9_stretched_checkered,
          minmay_the_grid_triangle_9x9_skeleton,
          minmay_the_grid_triangle_9x9_sprig,
          minmay_the_grid_triangle_9x9_corruption,
          minmay_the_grid_prize_shrinking_boxes], layout_basic
D:8:      layout_loops_ring
D:9:      layout_irregular_city, grunt_dithmenos_shadows,
          grunt_lair_entry_orc_guard_hut, hangedman_ranch
          [blue_anna_fruit_fields], ebering_dispersal_statue_hall, uniq_grum,
          uniq_psyche
Temple:   regret_index_temple_sigil_plot
Lair:1:   layout_cave_pods, nicolae_lair_grove_arrangements
Lair:2:   layout_roguey, st_stairs_6, serial_bayou_shore_b
Lair:3:   layout_layer_cave, elwin_shoals_entry_rocks, fungi_pond_lemuel,
          ice2_lemuel
Lair:4:   layout_hall_layers, spider_nest_entry_a, lemuel_fruit_fields
Lair:6:   evil_forest, layout_hall_layers

Skill      XL: |  1  2  3  4  5  6  7  8  9 10 11 12 |
---------------+-------------------------------------+-----
Unarmed Combat | 4 5 6 8 9 10 12 | 12.9
Fighting       | 5 7 8 |  8.8
Dodging        | 5 7 8 |  8.8
Invocations    | 6 8 |  8.5
Shields        | 2 |  2.0
Stealth        | |  1.0

Action                   |  1- 3 |  4- 6 |  7- 9 | 10-12 || total
-------------------------+-------+-------+-------+-------++-------
Melee: Unarmed           |    82 |   143 |   247 |   470 ||   942
       Punch             |       |     4 |     9 |    26 ||    39
       Kick              |       |       |    45 |   155 ||   200
Evoke: Wand              |       |       |       |     1 ||     1
  Use: Scroll            |     6 |     4 |     4 |     3 ||    17
       Potion            |     4 |     2 |     6 |     2 ||    14
 Stab: Sleeping          |     1 |     7 |     5 |     5 ||    18
       Distracted        |       |       |     1 |       ||     1
       Invisible         |       |       |     1 |       ||     1
  Eat: Chunk             |    13 |    15 |    29 |    43 ||   100
Armor: Robe              |    19 |    48 |    45 |    71 ||   183
Dodge: Dodged            |    34 |    47 |   141 |   498 ||   720
Block: Shield            |       |       |       |    31 ||    31
